 Dungeon Crawl Stone Soup version 0.31.0-9-g3a7656b989 (webtiles) character file.

Game seed: 13813476297432970267

63 qw the Shooter (level 3, 0/20 HPs)
             Began as a Deep Elf Hunter on Feb 2, 2024.
             Succumbed to a scorpion's poison
             ... on level 2 of the Dungeon.
             The game lasted 00:00:04 (1229 turns).

qw the Shooter (Deep Elf Hunter)                    Turns: 1229, Time: 00:00:05

Health: 0/20       AC:  4    Str: 10    XL:     3   Next: 89%
Magic:  5/5        EV: 12    Int: 13    God:
Gold:   71         SH:  0    Dex: 18    Spells: 2/2 levels left

rFire   . . .        a - +0 shortbow
rCold   . . .        (shield currently unavailable)
rNeg    . . .        c - +0 leather armour
rPois   .            (no helmet)
rElec   .            (no cloak)
rCorr   .            f - +0 pair of gloves
SInv    .            (no boots)
Will    .....        (no amulet)
Stlth   ++           (no ring)
HPRegen 0.23/turn    (no ring)
MPRegen 0.09/turn

%: no passive effects
@: lethally poisoned (0 -> 0)
A: no striking features
a: no special abilities


You were on level 2 of the Dungeon.
You visited 1 branch of the dungeon, and saw 2 of its levels.

You collected 71 gold pieces.


   Skills:
 - Level 1.5 Fighting
 + Level 7.3 Ranged Weapons
 - Level 2.4 Dodging
 - Level 1.2 Stealth


You had 2 spell levels left.
You didn't know any spells.
Your spell library was empty.

Inventory:

Hand Weapons
 a - a +0 shortbow (weapon)
Armour
 c - a +0 leather armour (worn)
 f - a +0 pair of gloves (worn)
 h - a +0 helmet
Scrolls
 b - a scroll of fog {unknown}
Potions
 g - a potion of attraction {unknown}
 i - a potion of curing {unknown}

Dungeon Overview and Level Annotations

Branches:
Dungeon (2/15)

Altars:


Message History

The scorpion poisons you!
You shoot an arrow.
The arrow hits the scorpion but does no damage.
The scorpion is heavily wounded.
You feel sick. The scorpion stings you. The scorpion barely misses you.
You shoot an arrow. The arrow closely misses the scorpion.
You feel sick.
The scorpion stings you but does no damage.
You shoot an arrow. The arrow closely misses the scorpion.
You feel sick. The scorpion stings you.
You are lethally poisoned!
The scorpion poisons you!
1221 ||| READING scroll of teleportation.
As you read the scroll of teleportation, it crumbles to dust.
You feel strangely unstable.
You feel very sick. The scorpion stings you.
1222 ||| DRINKING potion of heal wounds.
You feel much better.
You feel sick. The scorpion stings you. x2
You shoot an arrow. The arrow hits the scorpion.
The scorpion is severely wounded.
You feel very sick. The scorpion misses you.
You shoot an arrow.
The arrow hits the scorpion but does no damage.
The scorpion is severely wounded.
You feel sick. The scorpion completely misses you.
You shoot an arrow. The arrow hits the scorpion.
The scorpion is almost dead.
Your surroundings suddenly seem different.
You feel sick.
There is a lethal amount of poison in your body!
You feel sick.
There is a lethal amount of poison in your body!
You feel sick.
There is a lethal amount of poison in your body!
You feel sick.
There is a lethal amount of poison in your body!
You die...

7............##....)....#
P77####.#####.....#......#
7P!77..##.#####.#...#......#
77P7P7.............#....#####
7.7.77#....###.#####..#.## ...77
####.###.# #.....# ##.## #.....#
#>#...# #..# #....#### #.#...# #
##.## ##..#...@# #.#.#.#######.
#...# #...####.###.............
##.#.# #.#.# #.##............77
...#.####.#<# #..............P.7
..........#.#####................
##>.............##...............
#.##.....#......................
#.###......######.)............%
#.# #.#....# #.(....7.7.7.7.7


There were no monsters in sight!

Vanquished Creatures
  2 adders (D:2)
  A ribbon worm (D:2)
  3 ball pythons
  5 bats
  3 endoplasms
  2 giant cockroaches (D:2)
  2 goblins (D:1)
  6 hobgoblins
  2 jackals (D:1)
  4 frilled lizards (D:1)
  5 kobolds
  4 rats
39 creatures vanquished.

Notes
Turn   | Place    | Note
-------+----------+-------------------------------------------
     0 | D:1      | qw the Deep Elf Hunter began the quest for the Orb.
     0 | D:1      | Reached XP level 1. HP: 12/12 MP: 3/3
     0 | D:1      | 0 ||| qw: Version: 0.3-a-155-g5e7d8dd
     0 | D:1      | 0 ||| qw: Game counter: 487
     0 | D:1      | 0 ||| qw: Melee chars always use a shield: true
     0 | D:1      | 0 ||| qw: God list: Okawaru
     0 | D:1      | 0 ||| qw: Allow faded altars: false
     0 | D:1      | 0 ||| qw: Do Orc after clearing Dungeon:15 true
     0 | D:1      | 0 ||| qw: Do second Lair branch before Depths: true
     0 | D:1      | 0 ||| qw: Lair rune preference: random
     0 | D:1      | 0 ||| qw: Goals: Normal
     0 | D:1      | 0 ||| PLANNING D:1-11
   106 | D:1      | Found a faded altar of an unknown god.
   130 | D:1      | Reached XP level 2. HP: 16/16 MP: 4/4
   152 | D:1      | Reached skill level 6 in Ranged Weapons
   841 | D:1      | 841 ||| UPGRADING to +0 pair of gloves.
   846 | D:1      | 846 ||| READING 2 scrolls labelled BAEZUF WOTE.
   850 | D:1      | 850 ||| READING scroll labelled VOGADUNITE.
   851 | D:1      | 851 ||| READING scroll labelled YREXEB QARPHAIM.
   851 | D:1      | 851 ||| IDENTIFYING green potion
   852 | D:1      | 852 ||| DROPPING scroll of butterflies.
   888 | D:2      | Reached XP level 3. HP: 20/20 MP: 5/5
  1040 | D:2      | Reached skill level 7 in Ranged Weapons
  1210 | D:2      | Noticed a scorpion
  1220 | D:2      | HP: 5/20 [scorpion (3)]
  1221 | D:2      | 1221 ||| READING scroll of teleportation.
  1221 | D:2      | HP: 2/20 [scorpion (1)]
  1222 | D:2      | 1222 ||| DRINKING potion of heal wounds.
  1226 | D:2      | HP: 3/20 [poisoned by a scorpion]
  1228 | D:2      | HP: 1/20 [poisoned by a scorpion]
  1229 | D:2      | Succumbed to a scorpion's poison

Levels and vault maps discovered:
D:1:      sevenhm_arrival_forest_fort_small_3, layout_loops_corners,
          chequers_ecumenical_altar_island
D:2:      layout_rooms, serial_forest, infiniplex_forest_join,
          infiniplex_forest_fountain, infiniplex_forest_clump_medium,
          infiniplex_forest_lined_2, infiniplex_forest_straight_1,
          infiniplex_forest_clump_curved, infiniplex_forest_lined_room_3,
          infiniplex_forest_split

Skill      XL: |  1  2  3 |
---------------+----------+-----
Ranged Weapons | 6 7 |  7.3
Fighting       | |  1.5
Dodging        | |  2.4
Stealth        | |  1.2

Action                     || total
---------------------------++-------
   Fire: Shortbow          ||   119
    Use: Scroll            ||     4
         Potion            ||     1
 Armour: Leather armour    ||    26
  Dodge: Dodged            ||    25

Table legend:
 A = Non-vault XP
 B = Vault XP
 C = Vault XP percentage of total XP
 D = Non-vault monster count
 E = Vault monster count
 F = Vault count percentage of total count
                 A         B        C        D         E       F
            +---------+---------+-------+---------+---------+-------
      Total |      91 |       0 |   0.0 |      39 |       0 |   0.0
            +---------+---------+-------+---------+---------+-------
        D:1 |      38 |       0 |   0.0 |      24 |       0 |   0.0
        D:2 |      53 |       0 |   0.0 |      15 |       0 |   0.0
            +---------+---------+-------+---------+---------+-------
